 Dungeon Crawl Stone Soup version 0.17-a0-2127-g1cb09f6 (webtiles) character file.

221 4thArraOfDagon the Chopper (level 5, -5/49 HPs)
             Began as a Deep Dwarf Berserker on Oct 22, 2015.
             Was a Follower of Trog.
             Slain by an orc warrior
             ... wielding a +0 mace
              (14 damage)
             ... on level 6 of the Dungeon.
             The game lasted 00:03:13 (491 turns).

4thArraOfDagon the Chopper (Deep Dwarf Berserker)    Turns: 491, Time: 00:03:13

Health: -5/49      AC:  9    Str: 21      XL:     5   Next: 65%
Magic:  5/5        EV:  8    Int:  5 (8)  God:    Trog [*.....]
Gold:   32         SH:  0    Dex: 12      Spells: 0 memorised, 4 levels left

rFire  . . .     SeeInvis .     a - +0 hand axe
rCold  . . .     Clarity  .     f - +0 chain mail
rNeg   . . .     SustAt   .     (no shield)
rPois  .         Gourm    .     (no helmet)
rElec  .         Spirit   .     (no cloak)
rCorr  .         Warding  .     (no gloves)
rMut   .         Stasis   .     (no boots)
MR     .....                    (no amulet)
Stlth  ..........               (no ring)
                                (no ring)

@: exhausted, non-regenerating, slowed, very slow, not resistant to hostile
enchantments, extremely unstealthy
A: damage resistance, recharge devices, sense surroundings 1, slow regeneration
3
a: Device Recharging, Berserk, Burn Spellbooks, Renounce Religion


You were on level 6 of the Dungeon.
You worshipped Trog.
Trog was aware of your devotion.
You were not hungry.

You visited 1 branch of the dungeon, and saw 6 of its levels.

You collected 32 gold pieces.

Inventory:

Hand Weapons
 a - a +0 hand axe (weapon)
Armour
 f - a +0 chain mail (worn)
Wands
 c - a wand of heal wounds (1)
 e - a wand of slowing (15)
Scrolls
 g - a scroll of recharging {unknown}
 i - a scroll of identify {unknown}
Comestibles
 j - a slice of pizza


   Skills:
 + Level 3.6 Fighting
 * Level 5.1 Axes
 + Level 3.5 Armour
 - Level 2.1 Dodging
 + Level 2.5 Evocations


You had 4 spell levels left.
You didn't know any spells.

Dungeon Overview and Level Annotations

Branches:
Dungeon (6/15)
 Temple: D:4-7

Altars:
Ashenzari
Cheibriados

Annotations:
D:6 Pikel


Innate Abilities, Weirdness & Mutations

You are resistant to damage.
You can recharge devices by infusing magical energy.
You passively map a small area around you.
You do not regenerate naturally.


Message History

The orc priest invokes the aid of Beogh against you.
Pain shoots through your body!
* * * LOW HITPOINT WARNING * * *
Unknown command.
Unknown command.
Unknown command.
Evoke which item? (* to show all) (? for menu, Esc to quit)
Zapping:
c - a wand of heal wounds (2)
Press: ? - help, Shift-Dir - straight line, f - you You feel much better.
This wand has 1 charge left.
The orc warrior hits you with a mace!!
* * * LOW HITPOINT WARNING * * *
The orc priest hits you with a club.
* * * LOW HITPOINT WARNING * * *
The slave hits you but does no damage. The orc hits you with a mace.
Pikel says, "You strike me more as a bedroom slave."
The slave hits you.
* * * LOW HITPOINT WARNING * * *
The orc priest barely misses you. The orc warrior hits you with a mace!
You die...

..#* * **
#..## . * #...
.. #..# .# .#
*, ,,
#..##.#..#.# *
,,
##.....#..#.#
*
#.p....:....#
* ,
#@op...#....#
*
#oop.K......#*
* #........#.#
#...p..#..## ,
#......#<#.#.#
#......(....#
*
########.####
#.# #.# *


You could see Pikel, an orc warrior, 4 slaves, an orc priest and an orc.

Vanquished Creatures
  An ice beast (D:6)
  Ijyb (D:2)
  An orc wizard (D:4)
  A worker ant (D:5)
  3 adders
  An ooze (D:1)
  4 orcs
  2 goblins
  A hobgoblin (D:4)
  4 jackals (D:4)
  A giant gecko skeleton (D:4)
  A giant newt (D:1)
  3 kobolds (D:2)
  A rat (D:2)
25 creatures vanquished.

Notes
Turn   | Place    | Note
--------------------------------------------------------------
     0 | D:1      | 4thArraOfDagon the Deep Dwarf Berserker began the quest for the Orb.
     0 | D:1      | Reached XP level 1. HP: 20/20 MP: 1/1
    18 | D:2      | Noticed Ijyb
    25 | D:2      | Killed Ijyb
    25 | D:2      | Reached skill level 4 in Axes
    25 | D:2      | Reached XP level 2. HP: 28/28 MP: 2/2
    25 | D:2      | Reached XP level 3. HP: 34/34 MP: 3/3
   194 | D:2      | You fall through a shaft for 2 floors!
   208 | D:4      | Reached skill level 1 in Evocations
   216 | D:4      | Found a shattered altar of Ashenzari.
   259 | D:4      | Reached XP level 4. HP: 23/42 MP: 4/4
   266 | D:4      | Reached ** piety under Trog
   328 | D:5      | Entered Level 5 of the Dungeon
   328 | D:5      | Found a snail-covered altar of Cheibriados.
   419 | D:5      | Found a snail-covered altar of Cheibriados.
   430 | D:5      | RTOTLF
   445 | D:6      | Noticed an ice beast
   445 | D:6      | Noticed an orc warrior
   461 | D:6      | Killed an ice beast
   461 | D:6      | Reached skill level 5 in Axes
   461 | D:6      | Reached XP level 5. HP: 33/49 MP: 6/6
   476 | D:6      | Noticed a slave
   477 | D:6      | Noticed Pikel
   479 | D:6      | Noticed a slave
   481 | D:6      | Noticed a slave
   484 | D:6      | Noticed a slave
   485 | D:6      | HP: 2/49 [orc warrior/mace (12)]
   491 | D:6      | Slain by an orc warrior

Vault maps used:
D:1:      minmay_arrival_diagonal_passages, dk_noncrumbling_3, minmay_cupped
D:2:      wad_lake_hut, grunt_dithmenos_smoke_and_mirrors, uniq_terence,
          uniq_robin, uniq_iyjb
D:3:      grunt_temple_overflow_gold_and_silver, fedhas_altar_2
D:4:      overflow_temple_1_default, lemuel_doored_altar, first_bread,
          grunt_decor_one_mirror, tgw_kikubaaqudgha, uniq_menkaure
D:5:      cheibriados_altar_1, serial_shops, shop, kennysheep_flooded_box,
          uniq_grinder
D:6:      kennysheep_housing_project, uniq_pikel, uniq_edmund,
          uniq_prince_ribbit1

Action                   |  1- 3 |  4- 6 || total
-------------------------+-------+-------++-------
Melee: Hand axe          |    35 |    28 ||    63
Invok: Berserk           |     4 |     2 ||     6
       Trog's Hand       |       |     2 ||     2
 Abil: Device Recharging |       |     1 ||     1
Evoke: Wand              |       |     7 ||     7
  Use: Potion            |       |     1 ||     1
  Eat: Chunk             |     1 |     3 ||     4
       Bread ration      |       |     1 ||     1
